 Dungeon Crawl Stone Soup version 0.28-a0-691-gad6df49e81 (webtiles) character file.

Game seed: 16297253774509787487

72 kae the Ruffian (level 4, -3/36 HPs)
             Began as a Draconian Transmuter on Oct 20, 2021.
             Was an Initiate of Wu Jian.
             Slain by an iguana (9 damage)
             ... on level 3 of the Dungeon.
             The game lasted 00:01:25 (2225 turns).

kae the Ruffian (Draconian Transmuter)              Turns: 2225, Time: 00:01:26

Health: -3/36      AC:  5    Str: 19    XL:     4   Next: 6%
Magic:  7/7        EV: 12    Int: 14    God:    Wu Jian [......]
Gold:   65         SH:  0    Dex: 11    Spells: 3/7 levels left

rFire   . . .      SeeInvis .     - Unarmed
rCold   . . .      Faith    .   (no shield)
rNeg    . . .      Spirit   .   (armour unavailable)
rPois   .          Reflect  .   (helmet currently unavailable)
rElec   .          Harm     .   (no cloak)
rCorr   .          Rampage  .   (no gloves)
Will    .....                   (boots currently unavailable)
Stlth   +.........              (no amulet)
HPRegen 0.12/turn               e - +6 ring of strength
MPRegen 0.10/turn               (no ring)

@: brilliant, appendages
A: horns 2, talons 2, AC +5, unfitting armour, cold-blooded
a: End Transformation, Renounce Religion


You were on level 3 of the Dungeon.
You worshipped Wu Jian.
Wu Jian was noncommittal.
You had temporarily grown beastly horns and talons.
You visited 1 branch of the dungeon, and saw 3 of its levels.

You collected 65 gold pieces.

Inventory:

Jewellery
 e - a +6 ring of strength (left hand)
Scrolls
 a - a scroll of enchant weapon
 b - 2 scrolls of teleportation
 c - a scroll of blinking
 f - a scroll of identify {unknown}


   Skills:
 + Level 2.1 Fighting
 - Level 1.7 Dodging
 * Level 4.0 Unarmed Combat
 - Level 2.0 Spellcasting
 + Level 2.7 Transmutations
 * Level 0.8 Poison Magic


You had 3 spell levels left.
You knew the following spells:

 Your Spells              Type           Power      Damage    Failure   Level
a - Beastly Appendage     Tmut           26%        N/A       8%          1
b - Spider Form           Tmut/Pois      4%         N/A       34%         3

Your spell library contained the following spells:

 Spells                   Type           Power      Damage    Failure   Level
 Wereblood                Tmut           13%        N/A       12%         2
 Magic Dart               Conj           8%         1d3       24%         1
 Call Imp                 Summ           2%         N/A       34%         2
 Mephitic Cloud           Conj/Pois/Air  3%         N/A       54%         3
 Ice Form                 Ice/Tmut       7%         N/A       80%         4


Dungeon Overview and Level Annotations

Branches:
Dungeon (3/15)

Altars:
Wu Jian

Shops:
D:2 [


Innate Abilities, Weirdness & Mutations

You have temporarily grown beastly horns and talons.
Your plain brown scales are hard. (AC +5)
You cannot fit into any form of body armour.
You are cold-blooded and may be slowed by cold attacks.


Message History

No target in view!
Found a stone staircase leading down.
An iguana comes into view.
Found 3 scrolls labelled PEZUNA UHESS and a leather armour.
An iguana is nearby!
An iguana is nearby!
Casting: Beastly Appendage (safe; 8% risk of failure)
Confirm with . or Enter, or press ? or * to list all spells.
You grow a pair of large bovine horns.
Your feet morph into talons.
The iguana hisses angrily.
A quokka comes into view.
You hit the iguana but do no damage. The iguana bites you.
You hit the iguana but do no damage. Your kick misses the iguana.
You tail-slap the iguana, but do no damage.
The iguana bites you!
There are monsters nearby!
You are too injured to fight recklessly!
You are too injured to fight recklessly!
There are monsters nearby!
You are too injured to fight recklessly!
You are too injured to fight recklessly!
There are monsters nearby!
You are too injured to fight recklessly!
You are too injured to fight recklessly!
You are too injured to fight recklessly!
You are too injured to fight recklessly!
You hit the iguana.
Your tail-slap misses the iguana.
The iguana is moderately wounded.
The iguana barely misses you.
You hit the iguana. Your headbutt misses the iguana.
The iguana is heavily wounded.
The iguana bites you!
You barely miss the iguana.
The iguana is heavily wounded.
The iguana bites you!
* * * LOW HITPOINT WARNING * * *
It was a potion of brilliance.
You feel clever all of a sudden. The iguana bites you!
You die...

#.)# ##....# # #..#
##.#.# # #..# #.#.#####
#..# #.#......
#..#####..<..#.# #
#......###.###.# #.
##.#.#.###.# #.#
#.#######...#...#.# #.#
##.#.>.rl@...#####.#.#
#..
#..............#...#..
..#
...##..########.#.#####
### #.. #...# ....
##### ..... .......
.##.... ##[.?


You could see an iguana and a quokka.

Vanquished Creatures
  2 adders
  A worm (D:2)
  2 dart slugs (D:2)
  6 endoplasms
  2 giant cockroaches
  8 goblins
  4 hobgoblins
  2 jackals (D:1)
  4 kobolds
  3 ball pythons
  3 bats (D:3)
  2 frilled lizards
  5 rats
44 creatures vanquished.

Vanquished Creatures (others)
  A hobgoblin (D:1)
  A ball python (D:1)
  A kobold (D:1)
  2 withered plants (D:1)
5 creatures vanquished.

Grand Total: 49 creatures vanquished

Notes
Turn   | Place    | Note
-------+----------+-------------------------------------------
     0 | D:1      | kae the Draconian Transmuter began the quest for the Orb.
     0 | D:1      | Reached XP level 1. HP: 16/16 MP: 3/3
   104 | D:1      | Found a faded altar of an unknown god.
   384 | D:1      | Reached XP level 2. HP: 23/23 MP: 3/5
  1349 | D:2      | Found an ornate altar of the Wu Jian Council.
  1361 | D:2      | Reached XP level 3. HP: 20/29 MP: 4/6
  1365 | D:2      | Learned a level 3 spell: Spider Form
  1376 | D:2      | Became a worshipper of the Wu Jian Council
  1484 | D:2      | Found Ebiagoq's Armour Boutique.
  2038 | D:3      | Reached skill level 4 in Unarmed Combat
  2086 | D:3      | Reached XP level 4. HP: 36/36 MP: 5/7
  2225 | D:3      | Slain by an iguana

Illustrated notes

Levels and vault maps discovered:
D:1:      dpeg_arrival_rooms_a, layout_loops_ring,
          ebering_ecumenical_altar_petrified, lemuel_flame_loot_1
D:2:      layout_rooms, serial_shops, nicolae_shop_window_shopping, basic_altar
D:3:      layout_loops_ring, trog_three_pillars_becter

Skill      XL: |  1  2  3 |
---------------+----------+-----
Fighting       | 2 |  2.1
Unarmed Combat | 4 |  4.0
Dodging        | |  1.7
Spellcasting   | |  2.0
Transmutations | |  2.7
Poison Magic   | |  0.8

Action                   |  1- 3 |  4- 6 || total
-------------------------+-------+-------++-------
Melee: Unarmed           |   103 |    11 ||   114
       Kick              |    15 |     1 ||    16
       Tailslap          |     7 |     1 ||     8
       Headbutt          |     8 |     2 ||    10
 Cast: Beastly Appendage |    28 |     4 ||    32
       Spider Form       |     1 |       ||     1
Invok: Lunge             |     6 |     1 ||     7
  Use: Scroll            |     3 |       ||     3
       Potion            |       |     1 ||     1
Armor: Skin              |    28 |     2 ||    30
Dodge: Dodged            |    53 |     2 ||    55

Table legend: (Time is in decaauts)
 A = Elapsed time spent in this place.
 B = Non-inter-level travel time spent in this place.
 C = Inter-level travel time spent in this place.
 D = Time resting spent in this place.
 E = Time spent auto-exploring this place.
 F = Levels seen in this place.
 G = Mean time per level.
                   A        B        C        D        E       F      G
               +--------+--------+--------+--------+--------+-----+--------+
         Total |   2217 |   2156 |     61 |     10 |   1794 |   3 |  739.0 |
       Dungeon |   2217 |   2156 |     61 |     10 |   1794 |   3 |  739.0 |
               +--------+--------+--------+--------+--------+-----+--------+

Top non-repeatable levels by time:
     D:1: 1262 daAuts
     D:2: 694 daAuts
     D:3: 260 daAuts
